 Seeded DCSS version 0.28-a0-580-ga2639ab843 (webtiles) character file.

Game seed: 20211003 (custom seed)

1765 a11behringer the Carver (level 8, -5/64 HPs)
             Began as a Minotaur Fighter on Oct 3, 2021.
             Was a Believer of the Shining One.
             Killed from afar by an electric eel (13 damage)
             ... with a bolt of electricity
             ... on level 6 of the Dungeon.
             The game lasted 00:28:25 (6127 turns).

a11behringer the Carver (Minotaur Fighter)          Turns: 6127, Time: 00:28:25

Health: -5/64      AC: 18    Str: 21    XL:     8   Next: 79%
Magic:  7/7        EV:  8    Int:  5    God:    the Shining One [**....]
Gold:   245        SH:  4    Dex: 12    Spells: 7/7 levels left

rFire   . . .      SeeInvis .   a - +0 long sword (freeze)
rCold   . . .      Faith    .   c - +0 buckler
rNeg    + . .      Spirit   .   e - +1 chain mail
rPois   .          Reflect  .   (helmet restricted)
rElec   .          Harm     .   x - +0 cloak
rCorr   .          Rampage  .   (no gloves)
Will    .....                   w - +2 pair of boots
Stlth   ..........              (no amulet)
HPRegen 0.20/turn               j - +4 ring of protection
MPRegen 0.10/turn               (no ring)

@: glowing
A: horns 2, retaliatory headbutt
a: Renounce Religion, Divine Shield


You were on level 6 of the Dungeon.
You worshipped the Shining One.
The Shining One was pleased with you.
You visited 2 branches of the dungeon, and saw 7 of its levels.
You also visited: Sewer.

You collected 340 gold pieces.
You donated 95 gold pieces to Zin.

Inventory:

Hand Weapons
 a - a +0 long sword of freezing (weapon)
 k - a +0 hunting sling
Missiles
 l - 73 stones (quivered)
 r - 47 sling bullets
 E - 3 boomerangs
 H - 23 bolts
Armour
 b - a +0 scale mail
 c - a +0 buckler (worn)
 e - a +1 chain mail (worn)
 s - a +0 kite shield
 v - a +0 pair of boots
 w - a +2 pair of boots (worn)
 x - a +0 cloak (worn)
 G - the +4 ring mail of the Echidna {rN+ Dex+4}
   (You found it on level 6 of the Dungeon)

   Dex:       It affects your dexterity (+4).
   rN:        It protects you from negative energy.
Jewellery
 j - a +4 ring of protection (left hand)
 A - a ring of magical power
Wands
 t - a wand of digging (3)
Scrolls
 f - 2 scrolls of identify
 g - a scroll of brand weapon
 h - 2 scrolls of amnesia
 i - 2 scrolls of magic mapping
 o - 2 scrolls of immolation {unknown}
 y - a scroll of enchant armour
 F - a scroll of teleportation
Potions
 d - 2 potions of might
 m - 3 potions of resistance
 n - a potion of attraction {unknown}
 p - 2 potions of degeneration
 q - 3 potions of brilliance
 u - a potion of mutation {unknown}
 z - a potion of haste {unknown}
 B - 5 potions of flight
 C - a potion of heal wounds {unknown}
 D - a potion of magic {unknown}


   Skills:
 - Level 3.6 Fighting
 * Level 13.3 Long Blades
 - Level 3.6 Armour
 - Level 1.3 Dodging
 - Level 3.6 Shields
 * Level 1.1 Invocations


You had 7 spell levels left.
You didn't know any spells.
Your spell library contained the following spells:

 Spells                   Type           Power      Damage    Failure   Level
 Conjure Flame            Conj/Fire      0%         6-21      100%        3
 Ignite Poison            Fire/Tmut/Pois 0%         N/A       100%        3
 Sticky Flame             Conj/Fire      0%         2d3       100%        4
 Summon Lightning Spire   Summ/Air       0%         N/A       100%        4
 Storm Form               Tmut/Air       0%         N/A       100%        7
 Maxwell's Capacitive Co  Air            0%         ∞         100%        8


Dungeon Overview and Level Annotations

Branches:
Dungeon (6/15)             Temple (1/1) D:4           Sewer (visited)

Altars:
Ashenzari
Cheibriados
Dithmenos
Elyvilon
Fedhas
Gozag
Hepliaklqana
Kikubaaqudgha
Makhleb
Nemelex Xobeh
Okawaru
Qazlal
Ru
Sif Muna
Trog
Uskayaw
Vehumet
Wu Jian
Xom
Yredelemnul
Zin
The Shining One

Shops:
D:2 :   D:3 ?


Innate Abilities, Weirdness & Mutations

You have a pair of horns on your head.
You reflexively headbutt those who attack you in melee.


Message History

The orc dies!
The bolt of electricity hits you but does no damage.
You are confused.
You closely miss the orc. The orc completely misses you.
You slash the orc! You freeze the orc.
You kill the orc!
You bump into the rock wall.
The orc wizard barely misses you.
You closely miss the orc wizard. Your headbutt misses the orc wizard.
The orc wizard hits you but does no damage.
You bump into the rock wall.
You feel less confused. You block the orc wizard's attack.
You slash the orc wizard! You freeze the orc wizard.
You kill the orc wizard!
Reactivating autopickup.
Items here: )) [[ †.
The electric eel shoots out a bolt of lightning at you!
The bolt of electricity hits you!
The electric eel shoots out a bolt of lightning at you!
The bolt of electricity misses you.
The electric eel shoots out a bolt of lightning at you!
The bolt of electricity hits you!
The electric eel shoots out a bolt of lightning at you!
The bolt of electricity hits you!
Things that are here:
a +0 club; a +0 ring mail
Found 6 gold pieces.
The electric eel shoots out a bolt of lightning at you!
The bolt of electricity hits you!
The electric eel shoots out a bolt of lightning at you!
The bolt of electricity misses you.
The electric eel shoots out a bolt of lightning at you!
The bolt of electricity hits you!
* * * LOW HITPOINT WARNING * * *
The electric eel shoots out a bolt of lightning at you!
The bolt of electricity hits you!
* * * LOW HITPOINT WARNING * * *
The electric eel shoots out a bolt of lightning at you!
The bolt of electricity hits you!
You die...

##.# #.# #.#
#)# ####.##
#.....#
#.....#
#.....##
#)...@.#
#.)..#.#
#....#.#
#....#.#
.......#..
$..)....?#..
≈≈S.≈≈≈S.#..#
≈≈≈.≈≈≈≈.....
≈≈≈.≈≈≈≈..#


You could see 2 electric eels.

Vanquished Creatures
  A water moccasin (D:5)
  A black bear (D:6)
  A centaur (D:5)
  5 scorpions
  2 water moccasin zombies (D:5)
  A wyvern skeleton (D:6)
  3 bullfrog zombies (D:5)
  3 centaur zombies (D:5)
  3 centaur skeletons
  3 hounds
  A jelly (D:5)
  2 bullfrog skeletons
  An orc priest (D:5)
  4 iguanas
  5 orc wizards
  A hound zombie (D:5)
  A hound skeleton (D:4)
  A howler monkey zombie (D:5)
  3 gnolls (D:5)
  6 adders
  2 white imps
  An ufetubus (D:5)
  An adder skeleton (D:5)
  5 worms
  3 dart slugs
  22 orcs
  8 endoplasms
  7 giant cockroaches
  12 goblins
  9 hobgoblins
  10 jackals
  6 quokkas
  6 ball pythons
  13 bats
  8 frilled lizards
  3 kobolds
  5 rats
169 creatures vanquished.

Vanquished Creatures (others)
  An orc (D:6)
  2 withered plants (D:5)
3 creatures vanquished.

Grand Total: 172 creatures vanquished

Notes
Turn   | Place    | Note
-------+----------+-------------------------------------------
     0 | D:1      | a11behringer the Minotaur Fighter began the quest for the
                  | Orb.
     0 | D:1      | Reached XP level 1. HP: 19/19 MP: 0/0
    79 | D:1      | Reached skill level 3 in Long Blades
   109 | D:1      | Reached XP level 2. HP: 25/26 MP: 1/1
   450 | D:1      | Reached skill level 4 in Long Blades
   562 | D:1      | You fall into a shaft and drop 1 floor!
   577 | D:2      | Reached XP level 3. HP: 31/31 MP: 2/2
  1013 | D:1      | Reached skill level 1 in Dodging
  1018 | D:1      | Found a faded altar of an unknown god.
  1079 | D:1      | Became a worshipper of Zin the Law-Giver
  1079 | D:1      | Reached * piety under Zin
  1802 | D:2      | Found Hikhitat's Book Shop.
  1857 | D:3      | Reached skill level 5 in Long Blades
  1875 | D:3      | Reached XP level 4. HP: 39/39 MP: 3/3
  2146 | D:3      | Found a radiant altar of Vehumet.
  2179 | D:3      | Reached ** piety under Zin
  2318 | D:3      | Found Vuitinn's Magic Scroll Shop.
  2770 | D:4      | Noticed a scorpion
  2773 | D:4      | Killed a scorpion
  2774 | D:4      | Reached skill level 6 in Long Blades
  2774 | D:4      | Reached XP level 5. HP: 44/45 MP: 4/4
  2829 | D:4      | Reached skill level 7 in Long Blades
  2830 | D:4      | Donated 63 gold pieces to Zin
  2934 | D:4      | Reached XP level 6. HP: 39/51 MP: 5/5
  2950 | D:4      | Found a staircase to the Ecumenical Temple.
  2957 | D:4      | Reached *** piety under Zin
  3062 | D:4      | Reached skill level 8 in Long Blades
  3733 | D:5      | Entered Level 5 of the Dungeon
  3857 | D:5      | Reached skill level 9 in Long Blades
  3857 | D:5      | Reached XP level 7. HP: 47/57 MP: 6/6
  3870 | D:5      | Found a glowing drain.
  3896 | D:5      | Reached **** piety under Zin
  3910 | Sewer    | Entered a sewer
  4372 | Sewer    | Reached skill level 10 in Long Blades
  4769 | D:5      | Reached skill level 11 in Long Blades
  4770 | D:5      | Reached XP level 8. HP: 33/64 MP: 7/7
  5132 | D:5      | Reached skill level 12 in Long Blades
  5665 | Temple   | Entered the Ecumenical Temple
  5715 | Temple   | Fell from the grace of Zin
  5715 | Temple   | Became a worshipper of the Shining One
  5715 | Temple   | Reached * piety under the Shining One
  5715 | Temple   | Reached ** piety under the Shining One
  5864 | D:6      | Reached skill level 13 in Long Blades
  5888 | D:6      | Reached skill level 1 in Invocations
  5925 | D:6      | Identified the +4 ring mail of the Echidna {rN+ Dex+4}
  6127 | D:6      | Killed from afar by an electric eel

Illustrated notes

Levels and vault maps discovered:
D:1:      psy_arrival_radial02, layout_basic, shapermc_ecumenical_altar_pompeii,
          minmay_tetromino_t4
D:2:      layout_basic, serial_shops, nicolae_shop_trees
D:3:      layout_basic, amcnicky_altar_gilded, serial_shops, shop,
          grunt_ministairs_4
D:4:      kennysheep_spiral_hall, layout_basic, minmay_temple_entry_offerings,
          kennysheep_generic_room_12
D:5:      wad_river_or_something, layout_loops_ring, portal_sewer_entry_a,
          serial_undead, serial_undead_c, serial_undead_b, serial_undead_d,
          serial_undead_b, serial_undead_e, serial_undead_f, serial_undead_a,
          serial_undead_c
D:6:      layout_basic, minivault_14, uniq_blork_the_orc,
          uniq_crazy_yiuf_cottage
Temple:   nicolae_temple_the_god_donut

Skill      XL: |  1  2  3  4  5  6  7  8 |
---------------+-------------------------+-----
Long Blades    | 3 4 5 6 7 9 11 13 | 13.3
Dodging        | 1 |  1.3
Invocations    | 1 |  1.1
Fighting       | |  3.6
Armour         | |  3.6
Shields        | |  3.6

Action                   |  1- 3 |  4- 6 |  7- 9 || total
-------------------------+-------+-------+-------++-------
Melee: Long sword        |   103 |   117 |   183 ||   403
       Headbutt          |     8 |    23 |    31 ||    62
Invok: Donate Gold       |       |     1 |       ||     1
       Recite            |       |       |     1 ||     1
       Vitalisation      |       |       |     1 ||     1
  Use: Scroll            |       |     6 |     6 ||    12
       Potion            |       |       |     1 ||     1
Armor: Chain mail        |    63 |    61 |   119 ||   243
Dodge: Dodged            |    29 |    42 |    84 ||   155
Block: Buckler           |    23 |    27 |    29 ||    79

Table legend: (Time is in decaauts)
 A = Elapsed time spent in this place.
 B = Non-inter-level travel time spent in this place.
 C = Inter-level travel time spent in this place.
 D = Time resting spent in this place.
 E = Time spent auto-exploring this place.
 F = Levels seen in this place.
 G = Mean time per level.
                   A        B        C        D        E       F      G
               +--------+--------+--------+--------+--------+-----+--------+
         Total |   6246 |   4477 |   1769 |      0 |   3154 |   8 |  780.8 |
       Dungeon |   5547 |   3882 |   1665 |      0 |   2954 |   6 |  924.5 |
        Temple |    106 |      2 |    104 |      0 |      0 |   1 |  106.0 |
         Sewer |    592 |    592 |      0 |      0 |    200 |   1 |  592.0 |
               +--------+--------+--------+--------+--------+-----+--------+

Top non-repeatable levels by time:
     D:5: 1361 daAuts
     D:1: 1225 daAuts
     D:4: 1191 daAuts
     D:3: 851 daAuts
     D:2: 624 daAuts
   Sewer: 592 daAuts
     D:6: 292 daAuts
  Temple: 106 daAuts
